 Dungeon Crawl Stone Soup version 0.29-a0-775-g4d7333d4e2 (webtiles) character file.

Game seed: 18090139229013619909

25173 inmateoo the Cleaver (level 12, -2/108 HPs)
             Began as a Minotaur Fighter on July 1, 2022.
             Was a High Priest of Okawaru.
             Slain by a four-headed hydra (7 damage)
             ... on level 2 of the Lair of Beasts.
             The game lasted 00:11:53 (14321 turns).

inmateoo the Cleaver (Minotaur Fighter)            Turns: 14321, Time: 00:11:54

Health: -2/108     AC: 18    Str: 22    XL:     12   Next: 87%
Magic:  15/15      EV: 10    Int:  5    God:    Okawaru [*****.]
Gold:   442        SH:  7    Dex: 14    Spells: 11/11 levels left

rFire   . . .      SeeInvis .   F - +4 scimitar (flame)
rCold   + . .      Faith    .   c - +0 buckler
rNeg    . . .      Spirit   .   L - +0 plate armour
rPois   +          Reflect  .   r - +0 hat
rElec   .          Harm     .   (no cloak)
rCorr   .          Rampage  .   (no gloves)
Will    .....                   H - +2 pair of boots
Stlth   ..........              (no amulet)
HPRegen 0.28/turn               K - ring of poison resistance
MPRegen 0.14/turn               v - ring of protection from cold

@: no status effects
A: horns 2, retaliatory headbutt
a: Renounce Religion, Heroism, Finesse, Duel


You were on level 2 of the Lair of Beasts.
You worshipped Okawaru.
Okawaru was extremely pleased with you.
You visited 3 branches of the dungeon, and saw 15 of its levels.

You collected 741 gold pieces.
You spent 299 gold pieces at shops.

Inventory:

Hand Weapons
 o - the +4 war axe of Goirph {vorpal, *Rage MP+9 SInv}
   (Okawaru gifted it to you on level 12 of the Dungeon)

   It inflicts extra damage upon your enemies.
   MP:        It affects your magic capacity (+9).
   SInv:      It lets you see invisible.
   *Rage:     It berserks you when you make melee attacks (+20% chance).
 w - a +4 broad axe of electrocution
 F - a +4 scimitar of flaming (weapon)
Armour
 c - a +0 buckler (worn)
 r - a +0 hat (worn)
 H - a +2 pair of boots (worn)
 L - a +0 plate armour (worn)
Jewellery
 i - a ring of fire
 v - a ring of protection from cold (right hand)
 D - a ring of positive energy
 K - a ring of poison resistance (left hand)
 N - a +6 ring of strength
Wands
 b - a wand of digging (15)
 s - a wand of quicksilver (12)
 x - a wand of polymorph (12)
 M - a wand of flame (7)
Scrolls
 a - 2 scrolls of enchant armour
 j - 3 scrolls of blinking
 p - 10 scrolls of teleportation
 u - a scroll of summoning
 y - 2 scrolls of amnesia
 A - a scroll of fear
 B - 2 scrolls of poison
 I - a scroll of enchant weapon
 J - 7 scrolls of identify
Potions
 d - 5 potions of might
 e - 3 potions of curing
 f - 3 potions of ambrosia
 g - 2 potions of berserk rage
 h - 6 potions of mutation
 k - 3 potions of resistance
 l - 3 potions of invisibility
 m - a potion of haste
 n - a potion of lignification
 q - 3 potions of cancellation
 t - a potion of heal wounds
 z - 3 potions of brilliance
 C - 3 potions of flight {unknown}
 E - a potion of magic
 G - 2 potions of attraction {unknown}


   Skills:
 + Level 10.9 Fighting
 * Level 14.5 Axes
 + Level 10.9 Armour
 + Level 9.5 Dodging
 + Level 10.9 Shields
 + Level 6.6 Invocations


You had 11 spell levels left.
You didn't know any spells.
Your spell library contained the following spells:

 Spells                   Type           Power      Damage    Failure   Level
 Necrotize                Necr           0%         1d4       100%        1
 Ensorcelled Hibernation  Hex/Ice        0%         N/A       100%        2
 Passwall                 Tmut/Erth      0%         N/A       100%        2
 Frozen Ramparts          Ice            0%         1d2       100%        3
 Inner Flame              Hex/Fire       0%         N/A       100%        3
 Ozocubu's Armour         Ice            0%         N/A       100%        3
 Swiftness                Air            0%         N/A       100%        3
 Vampiric Draining        Necr           0%         2d6       100%        3
 Airstrike                Air            0%         0-1+      100%        4
 Cause Fear               Hex            0%         N/A       100%        4
 Ice Form                 Ice/Tmut       0%         N/A       100%        4
 Agony                    Necr           0%         N/A       100%        5
 Blade Hands              Tmut           0%         N/A       100%        5
 Irradiate                Conj/Tmut      0%         3d13      100%        5
 Lightning Bolt           Conj/Air       0%         1d11      100%        5
 Metabolic Englaciation   Hex/Ice        0%         N/A       100%        5
 Iron Shot                Conj/Erth      0%         9d1       100%        6
 Dragon Form              Tmut           0%         N/A       100%        7
 Orb of Destruction       Conj           0%         9d5       100%        7
 Discord                  Hex            0%         N/A       100%        8
 Summon Guardian Golem    Hex/Summ       Unusable   N/A       N/A         3
 Animate Armour           Summ/Erth      Unusable   N/A       N/A         4
 Summon Ice Beast         Ice/Summ       Unusable   N/A       N/A         4
 Summon Lightning Spire   Summ/Air       Unusable   N/A       N/A         4
 Simulacrum               Ice/Necr       Unusable   N/A       N/A         6
 Spellforged Servitor     Conj/Summ      Unusable   N/A       N/A         7

Dungeon Overview and Level Annotations

Branches:
Dungeon (12/15)            Temple (1/1) D:6            Lair (2/6) D:9
    Orc (0/2) D:11
  Swamp: Lair:2-4    Shoals: Lair:2-4     Snake: Lair:2-4    Spider: Lair:2-4

Altars:
Ashenzari
Cheibriados
Dithmenos
Fedhas
Gozag
Hepliaklqana
Kikubaaqudgha
Makhleb
Nemelex Xobeh
Okawaru
Qazlal
Ru
Sif Muna
Trog
Uskayaw
Wu Jian
Yredelemnul
Zin

Shops:
D:6 :   D:7 ?   D:8 =   D:9 (

Annotations:
D:1 1 transporter
D:10 3 runed translucent doors, jazmu's ghost, journeyman FoEE
D:12 3 runed translucent doors


Innate Abilities, Weirdness & Mutations

You have a pair of horns on your head.
You reflexively headbutt those who attack you in melee.


Message History

You are too injured to fight recklessly!
Unknown command.
You barely miss the six-headed hydra.
The six-headed hydra is moderately wounded.
The six-headed hydra bites you! The six-headed hydra barely misses you.
The six-headed hydra bites you but does no damage.
The six-headed hydra bites you. x2; The six-headed hydra barely misses you.
You slice one of the six-headed hydra's heads off!
The flame cauterises the wound!
You slash the five-headed hydra! You burn the five-headed hydra.
The five-headed hydra is heavily wounded.
The five-headed hydra bites you but does no damage.
You block the five-headed hydra's attack.
The five-headed hydra bites you!
* * * LOW HITPOINT WARNING * * *
The five-headed hydra closely misses you.
The five-headed hydra barely misses you.
The five-headed hydra bites you.
* * * LOW HITPOINT WARNING * * *
The five-headed hydra bites you but does no damage.
You block the five-headed hydra's attack. x2
The five-headed hydra bites you.
* * * LOW HITPOINT WARNING * * *
You completely miss the five-headed hydra.
The five-headed hydra is heavily wounded.
You block the five-headed hydra's attack.
The five-headed hydra bites you but does no damage.
The five-headed hydra bites you!
* * * LOW HITPOINT WARNING * * *
You block the five-headed hydra's attack.
The five-headed hydra bites you!
* * * LOW HITPOINT WARNING * * *
Unknown command.
You chop one of the five-headed hydra's heads off!
The flame cauterises the wound!
You slash the four-headed hydra! You burn the four-headed hydra.
The four-headed hydra is severely wounded.
The four-headed hydra closely misses you.
The four-headed hydra bites you!
You die...

.....<...............
.........†..........
....#....#.†...(....
#.. ##..........#. #.
#..........## .
...........##
.............#.##
..................
.........@......P#
........D.......#
..........#...##
#P.......##...#
#.....#... ...)#
###..<#.... ....
#...#..>. #.........


You could see a four-headed hydra.

Vanquished Creatures
  Azrael (D:12)
  A boulder beetle (D:12)
  Erica (D:9)
  6 two-headed ogres
  Urug (D:11)
  Pikel (D:4)
  7 ugly things
  2 cyclopes
  An oklob plant (Lair:1)
  Joseph (D:8)
  The ghost of PigKeeper the Insei, a novice DgTm (D:6)
  A cane toad (Lair:1)
  A gargoyle (D:12)
  A kobold demonologist (D:10)
  Psyche (D:9)
  5 komodo dragons
  3 trolls
  2 polar bears
  4 slime creatures (D:12)
  The ghost of Mgcat the Trooper, an amateur OgFi (D:3)
  A vampire (D:10)
  2 shadows
  4 wyverns
  4 fire elementals (D:12)
  2 wraiths
  23 yaks
  A basilisk (Lair:1)
  2 steam dragons
  3 water moccasins
  4 hell hounds (D:12)
  2 orc warriors
  2 sky beasts
  A black bear (D:4)
  3 ogres
  2 centaurs (D:9)
  5 wolves (D:9)
  3 phantoms
  4 bullfrogs
  Blork the orc (D:5)
  A gnoll sergeant (D:7)
  5 wights (D:8)
  6 killer bees (D:11)
  2 electric eels (D:9)
  4 howler monkeys
  8 hounds
  6 jellies
  A bouda (D:7)
  4 orc priests
  An iguana (D:5)
  Natasha (thrice) (D:4)
  11 orc wizards
  A mummy (D:5)
  8 gnolls (D:7)
  10 adders
  3 river rats (D:3)
  2 white imps
  4 ufetubi
  6 worms
  23 orcs
  20 endoplasms
  5 giant cockroaches
  5 goblins
  4 hobgoblins
  7 jackals (D:4)
  11 kobolds
  5 quokkas
  5 ball pythons
  4 bats
  2 frilled lizards
  14 rats
302 creatures vanquished.

Vanquished Creatures (others)
  10 fungi
  A plant (Lair:1)
11 creatures vanquished.

Grand Total: 313 creatures vanquished

Notes
Turn   | Place    | Note
-------+----------+-------------------------------------------
     0 | D:1      | inmateoo the Minotaur Fighter began the quest for the Orb.
     0 | D:1      | Reached XP level 1. HP: 19/19 MP: 0/0
   129 | D:1      | Found a faded altar of an unknown god.
   196 | D:1      | Reached XP level 2. HP: 21/27 MP: 1/1
   313 | D:1      | Reached skill level 3 in Axes
   532 | D:1      | Reached XP level 3. HP: 21/33 MP: 2/2
   775 | D:2      | Reached skill level 1 in Dodging
  1266 | D:3      | Reached XP level 4. HP: 40/40 MP: 3/3
  1284 | D:3      | Reached skill level 4 in Axes
  1285 | D:3      | HP: 2/40 [something (2)]
  1288 | D:3      | Reached XP level 5. HP: 3/47 MP: 4/4
  1498 | D:3      | Found a shimmering blue altar of Sif Muna.
  2217 | D:3      | Found a runed translucent door.
  2217 | D:3      | Noticed Mgcat's ghost (amateur OgFi)
  2340 | D:3      | Killed Mgcat's ghost
  2341 | D:3      | Reached skill level 5 in Axes
  2341 | D:3      | Reached XP level 6. HP: 38/55 MP: 5/5
  2511 | D:4      | Noticed Natasha
  2513 | D:4      | Killed Natasha
  2572 | D:4      | Noticed Natasha
  2573 | D:4      | Found a shadowy altar of Dithmenos.
  2578 | D:4      | Killed Natasha
  2579 | D:4      | Reached skill level 5 in Fighting
  2579 | D:4      | Noticed Pikel
  2590 | D:4      | Killed Pikel
  2591 | D:4      | Reached skill level 6 in Axes
  2591 | D:4      | Reached skill level 5 in Armour
  2591 | D:4      | Reached skill level 5 in Shields
  2591 | D:4      | Reached XP level 7. HP: 27/61 MP: 6/6
  2766 | D:4      | Noticed Natasha
  2820 | D:4      | Killed Natasha
  2886 | D:4      | Reached XP level 8. HP: 51/70 MP: 7/7
  2892 | D:4      | Reached skill level 7 in Axes
  3432 | D:5      | Entered Level 5 of the Dungeon
  3488 | D:5      | Noticed Blork the orc
  3501 | D:5      | Killed Blork the orc
  3967 | D:5      | Found a broken altar of Ashenzari.
  4081 | D:5      | Reached skill level 8 in Axes
  4255 | D:5      | Found a burning altar of Makhleb.
  4484 | D:5      | Found a snail-covered altar of Cheibriados.
  4876 | D:6      | Found a runed translucent door.
  4877 | D:6      | Noticed PigKeeper's ghost (novice DgTm)
  4891 | D:6      | Found an ornate altar of the Wu Jian Council.
  4891 | D:6      | Found a stormy altar of Qazlal.
  5037 | D:6      | Reached skill level 5 in Dodging
  5046 | D:6      | Reached XP level 9. HP: 64/78 MP: 8/8
  5316 | D:6      | Killed PigKeeper's ghost
  5553 | D:6      | Found Xifaavasch's Book Boutique.
  5585 | D:6      | Found a staircase to the Ecumenical Temple.
  5594 | Temple   | Entered the Ecumenical Temple
  5650 | Temple   | Became a worshipper of Warmaster Okawaru
  5905 | D:7      | Reached skill level 9 in Axes
  6108 | D:7      | Found Sobul's Magic Scroll Boutique.
  6112 | D:7      | Bought 2 scrolls of fear for 105 gold pieces
  6112 | D:7      | Bought 2 scrolls of teleportation for 90 gold pieces
  6112 | D:7      | Bought a scroll of poison for 52 gold pieces
  6112 | D:7      | Bought a scroll of poison for 52 gold pieces
  6166 | D:7      | Found an ancient bone altar of Kikubaaqudgha.
  6545 | D:7      | Found an opulent altar of Gozag.
  6669 | D:7      | Identified a scroll of acquirement
  6669 | D:7      | Acquired a +4 broad axe of electrocution
  6954 | D:8      | Reached * piety under Okawaru
  6955 | D:8      | Reached skill level 1 in Invocations
  6964 | D:8      | Noticed Joseph
  6975 | D:8      | Killed Joseph
  6976 | D:8      | Reached skill level 10 in Axes
  7244 | D:8      | Found a bloodstained altar of Trog.
  7252 | D:8      | Reached XP level 10. HP: 77/88 MP: 10/10
  7253 | D:8      | Reached ** piety under Okawaru
  7254 | D:8      | Found a glowing silver altar of Zin.
  7279 | D:8      | Found Xohasoq's Jewellery Boutique.
  7495 | D:9      | Noticed Erica
  7508 | D:9      | Killed Erica
  7508 | D:9      | Reached *** piety under Okawaru
  7508 | D:9      | Noticed a two-headed ogre
  7651 | D:9      | Killed a two-headed ogre
  7772 | D:9      | Reached skill level 11 in Axes
  7875 | D:9      | Found a staircase to the Lair.
  7875 | D:9      | Noticed a two-headed ogre
  7878 | D:9      | Killed a two-headed ogre
  7878 | D:9      | Reached **** piety under Okawaru
  7891 | D:9      | HP: 2/90 [electric eel/bolt of electricity (9)]
  7898 | Lair:1   | Entered Level 1 of the Lair of Beasts
  8292 | Lair:1   | Noticed a cane toad
  8299 | Lair:1   | Killed a cane toad
  8300 | Lair:1   | Reached XP level 11. HP: 71/95 MP: 12/12
  8835 | D:9      | You fall into a shaft and drop 2 floors!
  8863 | D:11     | Noticed a cyan ugly thing
  8881 | D:11     | Killed a cyan ugly thing
  8881 | D:11     | Reached ***** piety under Okawaru
  8882 | D:11     | Reached skill level 12 in Axes
  9155 | D:10     | Entered Level 10 of the Dungeon
  9433 | D:9      | Noticed a two-headed ogre
  9442 | D:9      | Killed a two-headed ogre
  9442 | D:9      | Received a gift from Okawaru
  9725 | D:9      | Found Voepp's Weapon Emporium.
  9834 | D:9      | Noticed Psyche
  9877 | D:9      | Killed Psyche
 10386 | D:10     | Found a runed translucent gate.
 10387 | D:10     | Noticed a brown ugly thing
 10388 | D:10     | Noticed a green ugly thing
 10389 | D:10     | Found a runed translucent gate.
 10389 | D:10     | Found a runed translucent gate.
 10390 | D:10     | Noticed a green ugly thing
 10390 | D:10     | Noticed a purple ugly thing
 10798 | D:10     | Noticed a two-headed ogre
 10807 | D:10     | Killed a two-headed ogre
 10808 | D:10     | Reached skill level 5 in Invocations
 11108 | D:10     | Killed a red ugly thing
 11114 | D:10     | Killed a red ugly thing
 11115 | D:10     | Killed a white ugly thing
 11116 | D:10     | Reached skill level 13 in Axes
 11117 | D:10     | Killed a brown ugly thing
 11119 | D:10     | Found a runed translucent gate.
 11119 | D:10     | Found a runed translucent gate.
 11125 | D:10     | Noticed a harpy
 11126 | D:10     | Noticed jazmu's ghost (journeyman FoEE)
 11127 | D:10     | Found a runed translucent gate.
 11129 | D:10     | a harpy changed into a wind drake
 11203 | D:10     | Noticed a lindwurm
 11206 | D:10     | a lindwurm changed into a wyvern
 11329 | D:11     | Found a staircase to the Orcish Mines.
 11352 | D:11     | Reached skill level 10 in Fighting
 11354 | D:11     | Reached skill level 10 in Shields
 11354 | D:11     | Reached XP level 12. HP: 84/106 MP: 15/15
 11506 | D:11     | Reached skill level 10 in Armour
 11620 | D:11     | Noticed Urug
 11625 | D:11     | Killed Urug
 11976 | D:12     | Noticed a boulder beetle
 11993 | D:12     | Killed a boulder beetle
 12301 | D:12     | Noticed Azrael
 12313 | D:12     | Killed Azrael
 12315 | D:12     | Identified the +4 war axe of Goirph {vorpal, *Rage MP+9
                  | SInv} (Okawaru gifted it to you on level 12 of the Dungeon)
 12315 | D:12     | Received a gift from Okawaru
 12626 | D:12     | Reached skill level 14 in Axes
 12688 | D:12     | Noticed a two-headed ogre
 12697 | D:12     | Noticed a two-headed ogre
 12698 | D:12     | Killed a two-headed ogre
 12705 | D:12     | Killed a two-headed ogre
 13103 | D:12     | Found a runed translucent gate.
 13104 | D:12     | Found a runed translucent gate.
 13104 | D:12     | Found a runed translucent gate.
 13104 | D:12     | Found the +7 Spriggan's Knife {stab, EV+4 Stlth+}
 14094 | Lair:1   | Received a gift from Okawaru
 14312 | Lair:2   | Noticed a seven-headed hydra
 14320 | Lair:2   | HP: 5/108 [five-headed hydra (7)]
 14321 | Lair:2   | Slain by a four-headed hydra

Illustrated notes

Levels and vault maps discovered:
D:1:      spicycebolla_arrival_risky_transporter, layout_loops_ring,
          ebering_ecumenical_altar_rust
D:2:      layout_loops_cross
D:3:      layout_loops_ring, mainiacjoe_overflow_catwalk, gammafunk_ghost_grave,
          lightli_sewer_entry_pipes
D:4:      layout_loops_ring, mainiacjoe_overflow_concentric_impassable,
          uniq_natasha, uniq_pikel
D:5:      layout_loops_ring, slow_altar_2, kennysheep_little_box,
          nicolae_ashenzari_skybound, kennysheep_big_empty_room,
          uniq_blork_the_orc
D:6:      layout_gridville, gammafunk_temple_overflow_wave,
          minmay_temple_entry_fiery, hellmonk_ghost_happy_afterlife,
          serial_shops, nicolae_shop_statue_plus
D:7:      layout_loops_corners, lemuel_doored_altar,
          mainiacjoe_overflow_24_doors, serial_shops, shop, chequers_garden
D:8:      layout_basic, mainiacjoe_overflow_catwalk_spiral, serial_shops,
          nicolae_shop_window_shopping, uniq_joseph
D:9:      layout_rooms, erik_lair_island, serial_shops, nicolae_square_shop,
          uniq_erica, uniq_psyche
D:10:     layout_roguey, ploomutoo_gammafunk_ghost_potion_laboratory
D:11:     layout_rooms, orc_0_dummy, uniq_urug
D:12:     layout_basic, ebering_ghost_rock_garden, minmay_lindwurm_lava,
          uniq_azrael
Temple:   bh_familiar_temple
Lair:1:   lemuel_slime, layout_small_grid
Lair:2:   layout_gridlike, grunt_forest_small_clearings,
          grunt_forest_small_clearing_treed, serial_bayou_shore_b, uniq_harold

Skill      XL: |  1  2  3  4  5  6  7  8  9 10 11 12 |
---------------+-------------------------------------+-----
Axes           | 3 4 5 6 8 10 11 13 14 | 14.5
Dodging        | 1 2 3 4 5 6 7 8 9 |  9.5
Fighting       | 4 5 6 7 8 10 | 10.9
Armour         | 4 5 6 7 8 9 10 | 10.9
Shields        | 4 5 6 7 8 10 | 10.9
Invocations    | 1 3 5 6 |  6.6

Action                   |  1- 3 |  4- 6 |  7- 9 | 10-12 || total
-------------------------+-------+-------+-------+-------++-------
Melee: War axe           |    86 |   116 |   226 |       ||   428
       Headbutt          |    10 |    15 |    51 |    85 ||   161
       Broad axe         |       |       |    35 |   358 ||   393
       Unarmed           |       |       |       |     4 ||     4
       Scimitar          |       |       |       |     5 ||     5
Invok: Heroism           |       |       |       |     2 ||     2
       Finesse           |       |       |       |     2 ||     2
Evoke: Wand              |       |       |       |     4 ||     4
  Use: Scroll            |     5 |     8 |    10 |     7 ||    30
       Potion            |       |       |       |     4 ||     4
Armor: Scale mail        |    32 |       |       |       ||    32
       Chain mail        |       |    68 |   121 |   105 ||   294
       Plate armour      |       |       |       |    44 ||    44
Dodge: Dodged            |    40 |    46 |   109 |   142 ||   337
Block: Buckler           |    13 |    34 |    47 |    98 ||   192

Table legend: (Time is in decaauts)
 A = Elapsed time spent in this place.
 B = Non-inter-level travel time spent in this place.
 C = Inter-level travel time spent in this place.
 D = Time resting spent in this place.
 E = Time spent auto-exploring this place.
 F = Levels seen in this place.
 G = Mean time per level.
                   A        B        C        D        E       F      G
               +--------+--------+--------+--------+--------+-----+--------+
         Total |  14454 |  13976 |    478 |   5471 |   6208 |  15 |  963.6 |
       Dungeon |  12896 |  12453 |    443 |   4750 |   5573 |  12 | 1074.7 |
        Temple |     82 |     57 |     25 |      0 |     44 |   1 |   82.0 |
          Lair |   1475 |   1466 |      9 |    721 |    591 |   2 |  737.5 |
               +--------+--------+--------+--------+--------+-----+--------+

Top non-repeatable levels by time:
    D:12: 1568 daAuts
  Lair:1: 1449 daAuts
     D:5: 1360 daAuts
     D:9: 1331 daAuts
     D:3: 1317 daAuts
    D:10: 1126 daAuts
     D:8: 1081 daAuts
    D:11: 1043 daAuts
     D:6: 952 daAuts
     D:4: 947 daAuts
     D:7: 882 daAuts
     D:1: 676 daAuts
     D:2: 608 daAuts
  Temple: 82 daAuts
  Lair:2: 25 daAuts
